 Dungeon Crawl Stone Soup version 0.26.1-2-gb8aa6d0cf2 (webtiles) character file.

Game seed: 4124285321449758579

16132 windgrace the Spear-Bearer (level 12, -4/106 HPs)
             Began as a Ghoul Monk on Feb 9, 2021.
             Was a High Priest of Yredelemnul.
             Slain by an orc high priest
             ... wielding a +0 trident
              (9 damage)
             ... on level 2 of the Orcish Mines.
             The game lasted 01:41:46 (12814 turns).

windgrace the Spear-Bearer (Ghoul Monk)            Turns: 12814, Time: 01:41:47

Health: -4/106     AC: 14    Str: 20    XL:     12   Next: 34%
Magic:  6/26       EV: 10    Int:  5    God:    Yredelemnul [*****.]
Gold:   1394       SH:  0    Dex: 11    Spells: 11/11 levels left

rFire    . . .     SeeInvis .   h - +4 spear (vamp)
rCold    + . .     Faith    .   (no shield)
rNeg     + + +     Spirit   .   v - +1 chain mail
rPois    ∞         Reflect  .   e - +0 hat
rElec    .         Harm     .   (no cloak)
rCorr    +         Rampage  .   (no gloves)
Will     .....                  n - +1 pair of boots
Stlth    ..........             p - amulet of regeneration
HPRegen  0.00/turn              M - ring of magical power
MPRegen  0.20/turn              x - ring of resist corrosion

@: mighty
A: claws 1, cold resistance 1, negative energy resistance 3, inhibited
regeneration, torment resistance, unbreathing
a: Renounce Religion, Recall Undead Slaves, Injury Mirror, Animate Dead, Drain
Life, Enslave Soul


You were on level 2 of the Orcish Mines.
You worshipped Yredelemnul.
Yredelemnul was extremely pleased with you.
You visited 2 branches of the dungeon, and saw 14 of its levels.
You also visited: Bailey.

You collected 1394 gold pieces.

Inventory:

Hand Weapons
 h - a +4 vampiric spear (weapon)
 G - a +0 club
 O - a +5 morningstar
Missiles
 u - 7 javelins
 w - 93 poisoned darts
 Y - 2 curare-tipped darts (quivered)
Armour
 e - a +0 hat (worn)
 n - a +1 pair of boots (worn)
 v - a +1 chain mail (worn)
Jewellery
 o - an uncursed ring of protection from cold
 p - an amulet of regeneration (around neck)
 s - an uncursed amulet of guardian spirit
 x - a ring of resist corrosion (right claw)
 C - an uncursed ring of stealth
 L - an uncursed amulet of magic regeneration
 M - a ring of magical power (left claw)
Wands
 f - a wand of disintegration (13)
 j - a wand of polymorph (8)
 r - a wand of enslavement (3)
 y - a wand of random effects (12)
 N - a wand of iceblast (6)
 P - a wand of paralysis (1)
 U - a wand of acid (9)
Scrolls
 g - 2 scrolls of teleportation
 H - 2 scrolls of identify
 Q - a scroll of fog
 R - a scroll of amnesia {unknown}
 T - 2 scrolls of fear
 Z - a scroll of blinking
Potions
 b - 3 potions of brilliance
 i - 2 potions of degeneration
 k - 2 potions of flight
 t - a potion of magic
 z - a potion of berserk rage
 A - a potion of mutation
 F - a potion of cancellation
 I - a potion of heal wounds
 J - a potion of curing
 K - a potion of might
 V - 2 potions of attraction
Miscellaneous
 B - a lightning rod (4/4)


   Skills:
 + Level 9.7 Fighting
 + Level 10.1 Polearms
 + Level 2.4 Throwing
 + Level 8.8 Armour
 + Level 5.2 Dodging
 + Level 4.6 Stealth
 + Level 3.8 Unarmed Combat
 + Level 8.8 Invocations
 + Level 0.3 Evocations


You had 11 spell levels left.
You didn't know any spells.
Your spell library contained the following spells:

 Spells                   Type           Power        Failure   Level
 Confusing Touch          Hex            0%           100%        3
 Gell's Gravitas          Tloc           0%           100%        3
 Petrify                  Tmut/Erth      0%           100%        4
 Metabolic Englaciation   Hex/Ice        0%           100%        5
 Yara's Violent Unravell  Hex/Tmut       0%           100%        5


Dungeon Overview and Level Annotations

Branches:
Dungeon (12/15)            Temple (0/1) D:5            Lair (0/6) D:11
    Orc (2/2) D:12         Bailey (visited)
    Elf: Orc:2

Altars:
Ashenzari
Dithmenos
Fedhas
Gozag
Nemelex Xobeh
Qazlal
Uskayaw
Wu Jian
Yredelemnul
Zin
The Shining One
Beogh

Annotations:
Orc:2 Saint Roka


Innate Abilities, Weirdness & Mutations

You thrive by killing the living.
You are immune to poison.
You have sharp fingernails.
Your flesh is cold resistant. (rC+)
You are immune to negative energy. (rN+++)
You do not regenerate when monsters are visible.
You are immune to unholy pain and torment.
You can survive without breathing.


Message History

The ogre hits your orc sorcerer with a +0 giant spiked club!
Your orc sorcerer hits the ogre but does no damage.
The orange demon stings you from afar. The orc high priest closely misses you.
The rust devil closely misses your orc sorcerer zombie.
The orange demon stings you from afar!
* * * LOW HITPOINT WARNING * * *
The orange demon stings your orc sorcerer!
Your orc sorcerer dies!
Unknown command.
The red devil hits you from afar with a +0 trident!
* * * LOW HITPOINT WARNING * * *
Your orc sorcerer zombie barely misses the orc high priest.
Your orc sorcerer zombie hits the orange demon with a +0 dagger.
Your orc warrior zombie hits the orc warrior but does no damage.
Your orc zombie hits the orange demon with a +0 club.
The orange demon stings you from afar!
* * * LOW HITPOINT WARNING * * *
The orc high priest hits you from afar with a +0 trident!
You die...
Yredelemnul claims you as an undead slave.

.# ... .#)##..
.......
......$
....[.) .
..Z[. ##
...)#4[#[##
...o4))@).#
..#ZOoZZ(...#
#4oo444....#
[.o#o§o...#.##
). ##.##.## #
[ ## ##


You could see 3 orc knights, 2 orc high priests, 3 orange demons, a rust devil
(summoned), a chaos spawn (summoned), a red devil (summoned), an orc warrior
(strong), an ogre, an orc priest (strong), a friendly orc zombie, a friendly orc
warrior zombie and 2 friendly orc sorcerer zombies.

Vanquished Creatures
  Gastronok (D:8)
  A two-headed ogre (D:11)
  An orc high priest (Orc:2)
  An orc knight (Orc:1)
  An orc sorcerer (Orc:2)
  A cyclops (D:11)
  A manticore (D:11)
  Maurice (D:9)
  4 trolls
  A hornet (D:11)
  A shadow (D:8)
  4 yaks (D:10)
  3 wargs
  An acid dragon (D:11)
  3 ice beasts
  13 orc warriors
  3 sky beasts
  A black bear (D:6)
  5 ogres
  2 phantoms
  A centaur (D:11)
  A lemure (D:4)
  Blork the orc (D:4)
  A big kobold (D:9)
  6 bullfrogs
  2 wyvern skeletons
  3 scorpions
  2 howler monkeys (D:7)
  7 wights
  A centaur zombie (D:8)
  9 orc priests
  16 orc wizards
  A quasit (D:10)
  2 hounds
  A jelly (D:10)
  3 bullfrog skeletons
  2 centaur skeletons
  Jessica (D:2)
  2 iguanas
  Natasha (thrice) (D:3)
  4 worker ants
  A hound zombie (D:11)
  A worker ant zombie (D:5)
  4 gnolls
  9 adders
  2 white imps
  An ufetubus (D:7)
  An ooze (D:4)
  2 adder skeletons
  2 worms (D:3)
  3 dart slugs
  7 leopard geckos
  66 orcs
  A ball python (D:1)
  3 giant cockroaches
  12 hobgoblins
  10 jackals
  5 bats
  5 frilled lizards
  11 goblins
  27 kobolds
  A quokka skeleton (D:7)
  9 rats
301 creatures vanquished.

Vanquished Creatures (collateral kills)
  A two-headed ogre (D:11)
  Pikel (D:4)
  An orc knight (Bailey)
  2 orc sorcerers (Orc:2)
  A deep elf mage (D:11)
  A cyclops (D:11)
  An ugly thing (D:11)
  A gargoyle (D:11)
  A komodo dragon (D:11)
  Prince Ribbit (D:9)
  3 yaks (D:10)
  A wyvern (D:10)
  A soldier ant (D:11)
  A warg (Orc:1)
  A black bear (D:10)
  A sky beast (D:11)
  2 necrophages
  2 ogres
  7 orc warriors
  An eye of draining (D:11)
  3 centaurs
  3 bullfrogs
  4 wights (D:11)
  A quasit (D:11)
  A centaur zombie (D:10)
  A jelly (D:10)
  A centaur skeleton (D:11)
  3 hounds
  3 orc priests (Orc:1)
  An orc wizard (D:10)
  3 worker ants
  A mummy (D:6)
  A worker ant zombie (D:11)
  2 gnolls (Orc:2)
  A howler monkey skeleton (D:10)
  3 adders
  A shadow imp (D:5)
  2 white imps (D:6)
  An adder skeleton (D:8)
  A leopard gecko (D:10)
  14 orcs
  3 giant cockroaches
  2 goblins (D:10)
  2 hobgoblins (Bailey)
  4 jackals
  A quokka (D:8)
  An adder zombie (D:6)
  A bat (D:3)
  A jackal zombie (D:6)
  3 kobolds
  A leopard gecko skeleton (D:7)
  A quokka skeleton (D:8)
102 creatures vanquished.

Vanquished Creatures (others)
  A phantasmal warrior (Orc:2)
  An orc sorcerer (Orc:2)
  12 flying skulls
  3 wights
  An ugly thing zombie (D:11)
  An orc wizard (D:10)
  A centaur zombie (D:11)
  A bat zombie (D:3)
  A black bear zombie (D:10)
  A yak zombie (D:10)
  4 adder zombies
  5 bullfrog zombies
  2 giant cockroach zombies
  3 gnoll zombies (Orc:2)
  3 hound zombies
  A howler monkey zombie (D:7)
  3 jackal zombies
  3 kobold zombies (D:9)
  2 leopard gecko zombies
  2 ogre zombies (Orc:2)
  42 orc zombies
  A rat skeleton (D:3)
  2 sky beast zombies
  2 worker ant zombies (D:6)
  2 worm zombies (D:3)
  3 fungi (D:2)
  17 plants
120 creatures vanquished.

Grand Total: 523 creatures vanquished

Notes
Turn   | Place    | Note
-------+----------+-------------------------------------------
     0 | D:1      | windgrace the Ghoul Monk began the quest for the Orb.
     0 | D:1      | Reached XP level 1. HP: 19/19 MP: 0/0
   428 | D:1      | Reached XP level 2. HP: 25/26 MP: 1/1
   828 | D:1      | Reached XP level 3. HP: 25/33 MP: 2/2
  1323 | D:2      | Found a blossoming altar of Fedhas.
  1525 | D:2      | Reached skill level 1 in Polearms
  1555 | D:2      | Found a sparkling altar of Nemelex Xobeh.
  1608 | D:2      | Found a broken altar of Ashenzari.
  1608 | D:2      | Noticed Jessica
  1612 | D:2      | Killed Jessica
  1613 | D:2      | Reached XP level 4. HP: 38/40 MP: 3/3
  2026 | D:3      | Found a basalt altar of Yredelemnul.
  2035 | D:3      | Became a worshipper of Yredelemnul the Dark
  2035 | D:3      | Reached * piety under Yredelemnul
  2035 | D:3      | Reached ** piety under Yredelemnul
  2207 | D:3      | Reached skill level 1 in Armour
  2616 | D:3      | Reached XP level 5. HP: 46/46 MP: 4/4
  2673 | D:3      | Reached skill level 2 in Polearms
  2750 | D:3      | Noticed Natasha
  2794 | D:3      | Killed Natasha
  2894 | D:3      | Noticed Natasha
  2912 | D:3      | Killed Natasha
  2913 | D:3      | Reached skill level 1 in Invocations
  2955 | D:3      | Found an ornate altar of the Wu Jian Council.
  3042 | D:3      | Noticed Natasha
  3059 | D:3      | Killed Natasha
  3322 | D:4      | Reached XP level 6. HP: 41/52 MP: 6/6
  3379 | D:4      | Noticed Pikel
  3619 | D:4      | Killed Pikel
  3620 | D:4      | Reached skill level 3 in Polearms
  3620 | D:4      | Reached XP level 7. HP: 18/60 MP: 7/7
  3634 | D:4      | Reached skill level 5 in Fighting
  3892 | D:4      | Noticed Blork the orc
  3906 | D:4      | Killed Blork the orc
  4121 | D:4      | Found a glowing golden altar of the Shining One.
  4175 | D:5      | Entered Level 5 of the Dungeon
  4344 | D:5      | Reached *** piety under Yredelemnul
  4404 | D:5      | Reached skill level 4 in Polearms
  4679 | D:5      | Found a shadowy altar of Dithmenos.
  4730 | D:5      | Found a staircase to the Ecumenical Temple.
  4776 | D:5      | Reached XP level 8. HP: 63/69 MP: 7/9
  5714 | D:6      | Reached skill level 5 in Polearms
  6485 | D:7      | Reached XP level 9. HP: 70/75 MP: 11/11
  6513 | D:7      | Reached **** piety under Yredelemnul
  6804 | D:7      | Received a gift from Yredelemnul (3 flying skulls)
  6805 | D:7      | Reached skill level 6 in Polearms
  6811 | D:7      | Reached skill level 5 in Armour
  6887 | D:7      | Found a stormy altar of Qazlal.
  7134 | D:8      | Noticed Gastronok
  7369 | D:8      | Killed Gastronok
  7370 | D:8      | Reached skill level 7 in Polearms
  7370 | D:8      | Reached skill level 1 in Throwing
  7370 | D:8      | Reached skill level 5 in Invocations
  7370 | D:8      | Reached XP level 10. HP: 73/86 MP: 12/12
  7580 | D:8      | Found an opulent altar of Gozag.
  7824 | D:8      | Found a glowing silver altar of Zin.
  7933 | D:9      | Reached skill level 8 in Polearms
  8212 | D:9      | Noticed Prince Ribbit
  8218 | D:9      | Killed Prince Ribbit
  8392 | D:9      | Found a hide-covered altar of Uskayaw.
  8397 | D:9      | Noticed a +3 dagger
  8398 | D:9      | Noticed a +0 dagger
  8630 | D:9      | Noticed Maurice
  9475 | D:9      | Killed Maurice
  9486 | D:10     | Entered Level 10 of the Dungeon
  9783 | D:10     | Received a gift from Yredelemnul (a wight)
  9901 | D:10     | Received a gift from Yredelemnul (2 flying skulls)
  9999 | D:10     | Reached XP level 11. HP: 93/94 MP: 14/14
 10027 | D:10     | Found a flagged portal.
 10039 | Bailey   | Entered a bailey
 10063 | Bailey   | Noticed an orc knight
 10081 | Bailey   | Reached ***** piety under Yredelemnul
 10081 | Bailey   | Received a gift from Yredelemnul (4 flying skulls)
 10090 | Bailey   | Killed an orc knight
 10096 | Bailey   | Received a gift from Yredelemnul (a wight)
 10102 | Bailey   | HP: 4/95 [kobold/boomerang (3)]
 10391 | D:10     | Reached skill level 9 in Polearms
 10685 | D:11     | Noticed a two-headed ogre
 10691 | D:11     | Killed a two-headed ogre
 10845 | D:11     | Noticed a two-headed ogre
 10845 | D:11     | Noticed a cyclops
 10853 | D:11     | Killed a two-headed ogre
 10858 | D:11     | Killed a cyclops
 11102 | D:11     | Found a staircase to the Lair.
 11337 | D:11     | Noticed a purple ugly thing
 11353 | D:11     | Killed a purple ugly thing
 11385 | D:11     | Noticed a deep elf mage
 11386 | D:11     | Noticed a cyclops
 11388 | D:11     | Noticed a sixfirhy
 11393 | D:11     | Killed a cyclops
 11398 | D:11     | Noticed a soul eater
 11400 | D:11     | Killed a deep elf mage
 11485 | D:11     | Noticed a manticore
 11498 | D:11     | Killed a manticore
 11819 | D:12     | Found a staircase to the Orcish Mines.
 11825 | Orc:1    | Entered Level 1 of the Orcish Mines
 11889 | Orc:1    | Received a gift from Yredelemnul (a wight)
 11898 | Orc:1    | Noticed an orc knight
 11914 | Orc:1    | HP: 2/97 [orc knight/+3 long sword (24)]
 11921 | Orc:1    | Killed an orc knight
 12127 | Orc:1    | Received a gift from Yredelemnul (a phantasmal warrior)
 12223 | Orc:1    | Found a roughly hewn altar of Beogh.
 12421 | Orc:2    | Entered Level 2 of the Orcish Mines
 12438 | Orc:2    | Reached skill level 10 in Polearms
 12438 | Orc:2    | Reached XP level 12. HP: 91/105 MP: 16/16
 12443 | Orc:2    | Reached skill level 5 in Dodging
 12460 | Orc:2    | Noticed Saint Roka
 12622 | Orc:2    | Received a gift from Yredelemnul (3 flying skulls)
 12622 | Orc:2    | Noticed an orc high priest
 12639 | Orc:2    | Noticed a soul eater
 12644 | Orc:2    | Noticed a sun demon
 12655 | Orc:2    | Noticed an orc high priest
 12791 | Orc:2    | Noticed an orc high priest
 12806 | Orc:2    | Killed an orc high priest
 12814 | Orc:2    | HP: 5/106 [orange demon[an orc high priest] (8)]
 12814 | Orc:2    | Slain by an orc high priest

Illustrated notes

Levels and vault maps discovered:
D:1:      dpeg_arrival_snail, layout_basic, minmay_cupped
D:2:      layout_loops_cross, general_overflow_altar, ashenzari_altar_1,
          fedhas_altar_3, uniq_jessica
D:3:      layout_loops_ring, old_standard_altar, marbit_many_paths, uniq_natasha
D:4:      layout_rooms, tso_oasis_becter, uniq_blork_the_orc, uniq_pikel
D:5:      layout_basic, old_standard_altar, minmay_temple_entry_fiery
D:6:      layout_gridville, gup_ossuary_entry_pyramid
D:7:      layout_rooms, grunt_qazlal_clouds
D:8:      layout_basic, grunt_gozag_breadcrumbs, basic_altar, uniq_gastronok
D:9:      layout_loops_corners, dancing_weapons_uskayaw, uniq_prince_ribbit1,
          uniq_maurice
D:10:     layout_roguey, enter_bailey_4
D:11:     layout_gridville, david_lair_shrubbed
D:12:     layout_loops_cross, orc_0_dummy, grunt_dithmenos_shadows, uniq_fannar
Orc:1:    layout_diamond_mine, minmay_orc_temple_b
Orc:2:    st_orc_elflike, layout_caves, library_closet, uniq_saint_roka

Skill      XL: |  1  2  3  4  5  6  7  8  9 10 11 12 |
---------------+-------------------------------------+-----
Dodging        | 3 4 5 |  5.2
Polearms       | 1 2 3 4 5 7 8 10 | 10.1
Fighting       | 4 5 6 7 8 9 |  9.7
Armour         | 1 3 4 6 7 8 |  8.8
Invocations    | 1 2 4 5 6 7 8 |  8.8
Stealth        | 3 4 |  4.6
Throwing       | 1 2 |  2.4
Unarmed Combat | |  3.8
Evocations     | |  0.3

Action                   |  1- 3 |  4- 6 |  7- 9 | 10-12 || total
-------------------------+-------+-------+-------+-------++-------
Melee: Unarmed           |    18 |       |       |       ||    18
       Spear             |    89 |   198 |   582 |   765 ||  1634
       Punch             |     1 |     4 |     8 |     9 ||    22
Throw: Stone             |     5 |       |       |       ||     5
       Dart              |       |       |    11 |     2 ||    13
Invok: Animate Remains   |       |    11 |     7 |       ||    18
       Recall Undead Sla |       |     2 |     3 |     8 ||    13
       Injury Mirror     |       |     1 |     1 |       ||     2
       Animate Dead      |       |       |    28 |    53 ||    81
       Drain Life        |       |       |       |    10 ||    10
Evoke: Wand              |       |     1 |     1 |     1 ||     3
  Use: Scroll            |       |     3 |     8 |     8 ||    19
       Potion            |       |     1 |       |    20 ||    21
 Stab: Sleeping          |     3 |       |       |       ||     3
       Distracted        |       |       |     6 |     3 ||     9
       Invisible         |       |       |       |     4 ||     4
Armor: Robe              |     2 |       |       |       ||     2
       Ring mail         |    18 |       |       |       ||    18
       Chain mail        |    10 |   106 |   325 |   337 ||   778
Dodge: Dodged            |    37 |    61 |   193 |   341 ||   632
